 Seeded DCSS version 0.30-a0-377-g5cb311bc9f (webtiles) character file.

Game seed: 20221202 (custom seed)

1540 McGhostyFace the Fighter (level 8, -4/71 HPs)
             Began as a Gnoll Wanderer on Dec 1, 2022.
             Was a Follower of Nemelex Xobeh.
             Slain by a wyvern zombie (13 damage)
             ... in an ossuary.
             The game lasted 00:15:57 (7133 turns).

McGhostyFace the Fighter (Gnoll Wanderer)           Turns: 7133, Time: 00:15:58

Health: -4/71      AC:  4    Str: 16    XL:     8   Next: 86%
Magic:  6/15       EV: 12    Int: 12    God:    Nemelex Xobeh [*.....]
Gold:   329        SH:  0    Dex:  9    Spells: 5/16 levels left

rFire   . . .      SeeInvis .    C - +2 halberd (venom)
rCold   . . .      Faith    .    (shield currently unavailable)
rNeg    . . .      Spirit   .    d - +0 leather armour
rPois   .          Reflect  .    g - +0 helmet
rElec   .          Harm     .    (no cloak)
rCorr   .          Rampage  .    (no gloves)
Will    .....                    (no boots)
Stlth   ++........               (no amulet)
HPRegen 0.31/turn                (no ring)
MPRegen 0.14/turn                (no ring)

@: no status effects
A: fangs 1, strong nose, distributed training
a: Renounce Religion, Draw Escape, Draw Destruction, Draw Summoning


You were in an ossuary.
You worshipped Nemelex Xobeh.
Nemelex Xobeh was aware of your devotion.
You visited 2 branches of the dungeon, and saw 8 of its levels.
You also visited: Ossuary.

You collected 329 gold pieces.

Inventory:

Hand Weapons
 i - a +0 spear
 y - a +0 vorpal long sword
 C - a +2 halberd of venom (weapon)
Missiles
 D - a throwing net
Armour
 d - a +0 leather armour (worn)
 g - a +0 helmet (worn)
Jewellery
 h - an amulet of reflection
 z - a ring of see invisible
Wands
 c - a wand of polymorph (5)
 l - a wand of paralysis (10)
 p - a wand of acid (3)
Scrolls
 e - a scroll of silence
 j - 4 scrolls of identify
 o - a scroll of blinking {unknown}
 q - a scroll of enchant armour {unknown}
 s - a scroll of poison {unknown}
 w - 2 scrolls of noise {unknown}
 x - 2 scrolls of amnesia {unknown}
Potions
 a - 2 potions of flight {unknown}
 f - a potion of lignification {unknown}
 k - 3 potions of degeneration
 n - a potion of attraction {unknown}
 t - a potion of haste {unknown}
 u - 2 potions of might {unknown}
 v - 2 potions of resistance {unknown}
 A - a potion of berserk rage {unknown}
 B - a potion of brilliance {unknown}
 E - 2 potions of curing
Miscellaneous
 b - a piece from Xom's chessboard (15/15)


   Skills:
 + Level 9.4 Fighting
 + Level 3.8 Short Blades
 + Level 3.8 Long Blades
 + Level 3.8 Axes
 + Level 3.8 Maces & Flails
 + Level 3.8 Polearms
 + Level 3.8 Staves
 + Level 3.8 Ranged Weapons
 + Level 3.8 Throwing
 + Level 3.8 Armour
 + Level 3.8 Dodging
 + Level 3.8 Stealth
 + Level 3.8 Shields
 + Level 3.8 Unarmed Combat
 + Level 4.8 Spellcasting
 + Level 3.1 Conjurations
 + Level 3.1 Hexes
 + Level 3.1 Summonings
 + Level 6.3 Necromancy
 + Level 3.1 Translocations
 + Level 3.1 Transmutations
 + Level 3.1 Fire Magic
 + Level 3.1 Ice Magic
 + Level 3.1 Air Magic
 + Level 3.1 Earth Magic
 + Level 3.1 Poison Magic
 + Level 4.1 Invocations
 + Level 6.0 Evocations


You had 5 spell levels left.
You knew the following spells:

 Your Spells              Type           Power      Damage    Failure   Level
a - Necrotise             Necr           72%        1d7       1%          1
b - Vampiric Draining     Necr           18%        2d7       5%          3
c - Dispel Undead         Necr           18%        3d11      19%         4
d - Mephitic Cloud        Conj/Pois/Air  10%        N/A       21%         3

Your spell library contained the following spells:

 Spells                   Type           Power      Damage    Failure   Level
 Sublimation of Blood     Necr           18%        N/A       2%          2
 Apportation              Tloc           20%        N/A       7%          1
 Summon Small Mammal      Summ           40%        N/A       7%          1
 Cigotuvi's Dreadful Rot  Necr/Pois/Air  24%        N/A       7%          2
 Poisonous Vapours        Pois/Air       20%        N/A       11%         2
 Agony                    Necr           18%        N/A       45%         5


Dungeon Overview and Level Annotations

Branches:
Dungeon (7/15)             Temple (1/1) D:4         Ossuary (1/1)

Altars:
Ashenzari
Cheibriados
Dithmenos
Elyvilon
Fedhas
Kikubaaqudgha
Makhleb
Nemelex Xobeh
Okawaru
Qazlal
Ru
Sif Muna
Trog
Uskayaw
Vehumet
Xom
Yredelemnul
Zin
The Shining One

Annotations:
D:4 3 runed translucent doors, mintfox's ghost, amateur TeGl


Innate Abilities, Weirdness & Mutations

You have very sharp teeth.
Your uncanny sense of smell can sniff out nearby items.
Your experience applies equally to all skills.


Message History

The wyvern zombie is moderately damaged.
The wyvern zombie closely misses you.
The wyvern zombie bites you but does no damage.
You barely miss the wyvern zombie.
You bite the wyvern zombie, but do no damage.
The wyvern zombie is moderately damaged.
The wyvern zombie bites you! x2
You barely miss the wyvern zombie.
The wyvern zombie is moderately damaged.
The wyvern zombie closely misses you.
You barely miss the wyvern zombie.
The wyvern zombie is moderately damaged.
The wyvern zombie bites you. The wyvern zombie misses you.
You puncture the wyvern zombie!
The wyvern zombie is heavily damaged.
The wyvern zombie closely misses you. x2
You puncture the wyvern zombie!
The wyvern zombie is severely damaged.
The wyvern zombie bites you.
You are too injured to fight recklessly!
You are too injured to fight recklessly!
You are too injured to fight recklessly!
You are too injured to fight recklessly!
You are too injured to fight recklessly!
You barely miss the wyvern zombie.
The wyvern zombie is severely damaged.
The wyvern zombie misses you. The wyvern zombie barely misses you.
You barely miss the wyvern zombie. You bite the wyvern zombie.
The wyvern zombie is severely damaged.
The wyvern zombie bites you! The wyvern zombie closely misses you.
You hit the wyvern zombie.
The wyvern zombie is almost destroyed.
The wyvern zombie misses you.
You barely miss the wyvern zombie. You bite the wyvern zombie.
The wyvern zombie is almost destroyed.
The wyvern zombie bites you!
* * * LOW HITPOINT WARNING * * *
The wyvern zombie bites you!
You die...
Your body disappears without a glow.

+## .'
#####.#
#...#.+
#.∩.Z.#
#∩.@#.+
#####.#
.+ .#
∆∆∆ ∆∆∆
.+ ∆∆∆
∆∆∆ .#
∆∆∆ ∆∆∆


M+ You could see a wyvern zombie.

Vanquished Creatures
  Sigmund (D:2)
  An ogre (D:5)
  An ice beast (D:7)
  A centaur (D:7)
  Blork the orc (D:5)
  A necrophage (D:4)
  A hound (D:6)
  2 gnoll boudas
  3 orc priests
  5 iguanas
  8 orc wizards
  5 mummies
  4 gnolls (D:5)
  5 adders
  4 white imps (D:5)
  A worm (D:2)
  10 dart slugs
  18 orcs
  3 ball pythons
  5 endoplasms
  3 giant cockroaches
  5 goblins
  11 hobgoblins
  10 jackals
  3 quokkas
  6 bats
  2 frilled lizards
  2 kobolds
  4 rats (D:1)
126 creatures vanquished.

Vanquished Creatures (collateral kills)
  A centaur (D:6)
  8 gnolls (D:6)
  2 adders (D:2)
  A white imp (D:6)
12 creatures vanquished.

Vanquished Creatures (others)
  5 withered plants (Ossuary)
5 creatures vanquished.

Grand Total: 143 creatures vanquished

Notes
Turn   | Place    | Note
-------+----------+-------------------------------------------
     0 | D:1      | McGhostyFace the Gnoll Wanderer began the quest for the
                  | Orb.
     0 | D:1      | McGhostyFace set off with the following items: a +0 club, a
                  | piece from Xom's chessboard (15/15), a potion of heal
                  | wounds, a +0 leather armour, a scroll of silence; and the
                  | following spell memorised: Necrotise; and the following
                  | spells available to memorise: Sublimation of Blood, Dispel
                  | Undead.
     0 | D:1      | Reached XP level 1. HP: 26/26 MP: 4/4
   500 | D:1      | Reached XP level 2. HP: 32/33 MP: 3/5
   825 | D:1      | Reached XP level 3. HP: 38/38 MP: 7/7
  1108 | D:1      | Reached skill level 1 in Invocations
  1527 | D:2      | Reached skill level 1 in Short Blades
  1527 | D:2      | Reached skill level 1 in Long Blades
  1527 | D:2      | Reached skill level 1 in Axes
  1527 | D:2      | Reached skill level 1 in Maces & Flails
  1527 | D:2      | Reached skill level 1 in Polearms
  1527 | D:2      | Reached skill level 1 in Staves
  1527 | D:2      | Reached skill level 1 in Ranged Weapons
  1527 | D:2      | Reached skill level 1 in Throwing
  1527 | D:2      | Reached skill level 1 in Armour
  1527 | D:2      | Reached skill level 1 in Dodging
  1527 | D:2      | Reached skill level 1 in Stealth
  1527 | D:2      | Reached skill level 1 in Shields
  1527 | D:2      | Reached skill level 1 in Unarmed Combat
  1769 | D:2      | Reached XP level 4. HP: 39/45 MP: 2/8
  1841 | D:2      | Reached skill level 1 in Conjurations
  1841 | D:2      | Reached skill level 1 in Hexes
  1841 | D:2      | Reached skill level 1 in Summonings
  1841 | D:2      | Reached skill level 1 in Translocations
  1841 | D:2      | Reached skill level 1 in Transmutations
  1841 | D:2      | Reached skill level 1 in Fire Magic
  1841 | D:2      | Reached skill level 1 in Ice Magic
  1841 | D:2      | Reached skill level 1 in Air Magic
  1841 | D:2      | Reached skill level 1 in Earth Magic
  1841 | D:2      | Reached skill level 1 in Poison Magic
  2332 | D:2      | Noticed Sigmund
  2341 | D:2      | Learned a level 3 spell: Vampiric Draining
  2363 | D:2      | Killed Sigmund
  2364 | D:2      | Reached XP level 5. HP: 19/51 MP: 2/10
  2364 | D:2      | Reached XP level 6. HP: 22/57 MP: 2/11
  2725 | D:2      | Reached skill level 5 in Evocations
  3097 | D:3      | You fall into a shaft and drop 2 floors!
  3097 | D:5      | Entered Level 5 of the Dungeon
  3645 | D:4      | Found a runed translucent gate.
  3645 | D:4      | Identified the +0 scale mail of the Ten Visionaries
                  | {Rampage +Inv}
  3646 | D:4      | Found a runed translucent gate.
  3647 | D:4      | Found a runed translucent gate.
  3655 | D:4      | Learned a level 4 spell: Dispel Undead
  3657 | D:4      | Noticed mintfox's ghost (amateur TeGl)
  3718 | D:4      | Reached XP level 7. HP: 63/63 MP: 12/12
  3885 | D:4      | Found a staircase to the Ecumenical Temple.
  3900 | Temple   | Entered the Ecumenical Temple
  4153 | Temple   | Became a worshipper of Nemelex Xobeh the Trickster
  4557 | D:5      | Reached skill level 9 in Fighting
  5503 | D:5      | Noticed Blork the orc
  5510 | D:5      | Killed Blork the orc
  5511 | D:5      | Reached XP level 8. HP: 62/71 MP: 14/14
  5551 | D:5      | Reached * piety under Nemelex Xobeh
  5782 | D:5      | Received a gift from Nemelex Xobeh
  5798 | D:5      | Found a shadowy altar of Dithmenos.
  5798 | D:5      | Found a glowing golden altar of the Shining One.
  6086 | D:6      | Learned a level 3 spell: Mephitic Cloud
  6148 | D:6      | Found a broken altar of Ashenzari.
  6149 | D:6      | Found a burning altar of Makhleb.
  6999 | D:7      | Found a sand-covered staircase.
  7007 | Ossuary  | Entered an ossuary
  7133 | Ossuary  | Slain by a wyvern zombie

Illustrated notes

Levels and vault maps discovered:
D:1:      dreamdust_arrival_beginning_and_end, layout_loops_corners
D:2:      layout_basic, minivault_24, minmay_tripent, uniq_sigmund
D:3:      kennysheep_slugbush, layout_loops_ring,
          nicolae_hepliaklqana_hippocampus
D:4:      layout_basic, minmay_temple_entry_statues_pillars,
          biasface_ghost_orc_armoury, dk_noncrumbling_3
D:5:      layout_loops_ring, gammafunk_temple_overflow_elements,
          uniq_blork_the_orc
D:6:      layout_rooms, gammafunk_temple_overflow_pools
D:7:      layout_loops_ring, mainiacjoe_overflow_alcove_4,
          gup_ossuary_entry_pyramid, minmay_shattered_shrine, uniq_menkaure
Temple:   bh_familiar_temple
Ossuary:  ossuary_zaba_flooded

Skill      XL: |  1  2  3  4  5  6  7  8 |
---------------+-------------------------+-----
Invocations    | 1 2 3 4 |  4.1
Short Blades   | 1 2 3 |  3.8
Long Blades    | 1 2 3 |  3.8
Axes           | 1 2 3 |  3.8
Maces & Flails | 1 2 3 |  3.8
Polearms       | 1 2 3 |  3.8
Staves         | 1 2 3 |  3.8
Ranged Weapons | 1 2 3 |  3.8
Throwing       | 1 2 3 |  3.8
Armour         | 1 2 3 |  3.8
Dodging        | 1 2 3 |  3.8
Stealth        | 1 2 3 |  3.8
Shields        | 1 2 3 |  3.8
Unarmed Combat | 1 2 3 |  3.8
Spellcasting   | 3 4 |  4.8
Conjurations   | 1 2 3 |  3.1
Hexes          | 1 2 3 |  3.1
Summonings     | 1 2 3 |  3.1
Translocations | 1 2 3 |  3.1
Transmutations | 1 2 3 |  3.1
Fire Magic     | 1 2 3 |  3.1
Ice Magic      | 1 2 3 |  3.1
Air Magic      | 1 2 3 |  3.1
Earth Magic    | 1 2 3 |  3.1
Poison Magic   | 1 2 3 |  3.1
Evocations     | 5 6 |  6.0
Fighting       | 9 |  9.4
Necromancy     | 6 |  6.3

Action                   |  1- 3 |  4- 6 |  7- 9 || total
-------------------------+-------+-------+-------++-------
Melee: Club              |    66 |       |       ||    66
       Bite              |    13 |     8 |    11 ||    32
       Spear             |    80 |    45 |       ||   125
       Punch             |     1 |     3 |       ||     4
       Halberd           |       |    88 |   187 ||   275
 Cast: Necrotise         |    27 |    10 |     2 ||    39
       Vampiric Draining |       |     3 |     8 ||    11
       Dispel Undead     |       |       |     7 ||     7
       Mephitic Cloud    |       |       |     4 ||     4
Invok: Draw Destruction  |       |       |     1 ||     1
       Draw Summoning    |       |       |     1 ||     1
Evoke: Wand              |       |     2 |     3 ||     5
  Use: Potion            |       |     2 |     2 ||     4
       Scroll            |       |       |     4 ||     4
 Stab: Sleeping          |     1 |       |     1 ||     2
       Distracted        |       |       |     3 ||     3
Armor: Leather armour    |    60 |    24 |    50 ||   134
Dodge: Dodged            |   119 |    65 |   121 ||   305

Table legend: (Time is in decaauts)
 A = Elapsed time spent in this place.
 B = Non-inter-level travel time spent in this place.
 C = Inter-level travel time spent in this place.
 D = Time resting spent in this place.
 E = Time spent auto-exploring this place.
 F = Levels seen in this place.
 G = Mean time per level.
                   A        B        C        D        E       F      G
               +--------+--------+--------+--------+--------+-----+--------+
         Total |   7265 |   7143 |    122 |   2111 |   3714 |   9 |  807.2 |
       Dungeon |   6863 |   6770 |     93 |   2011 |   3492 |   7 |  980.4 |
        Temple |    272 |    243 |     29 |      0 |    222 |   1 |  272.0 |
       Ossuary |    129 |    129 |      0 |    100 |      0 |   1 |  129.0 |
               +--------+--------+--------+--------+--------+-----+--------+

Top non-repeatable levels by time:
     D:5: 1497 daAuts
     D:1: 1452 daAuts
     D:2: 1425 daAuts
     D:4: 1027 daAuts
     D:6: 1015 daAuts
  Temple: 272 daAuts
     D:3: 268 daAuts
     D:7: 176 daAuts
 Ossuary: 129 daAuts
